AAA
NEW YORK COMETS @ MOSCOW MULES
05/19/2060
 
TOP OF THE 1ST
New York Comets batting - Pitching for Moscow Mules : RHP James Schiller
Pitching: RHP James Schiller
Batting: SHB Drake Stock 0-0: Called Strike
0-1: Bunt for hit to 15 - play at first, batter safe!
Batting: LHB Abraham Kajosevic 0-0: Swinging Strike
0-1: Foul Ball, location: 2F
0-2: Ball
1-2: Ball
2-2: Ball
3-2: Strikes out swinging
Batting: LHB Robert Wenstrom 0-0: Ball
1-0: Called Strike
1-1: Ball
2-1: Ball
3-1: Called Strike
Drake Stock steals 2nd base
3-2: Base on Balls
Batting: RHB Mason Douglass 0-0: Ball
1-0: Called Strike
1-1: Ball
2-1: Ball
3-1: Base on Balls
Drake Stock to third
Robert Wenstrom to second
Batting: LHB Morgan Buga 0-0: Ball
1-0: Ball
2-0: Ball
3-0: Called Strike
3-1: Fly out, F7 (Flyball, 7, EV 88.1 MPH)
Runner from 3rd tags up, OUT at HOME! 7-2
Top of the 1st over - 0 runs, 1 hit, 0 errors, 2 left on base; New York 0 - Moscow 0
BOTTOM OF THE 1ST
Moscow Mules batting - Pitching for New York Comets : RHP Conner Calloway
Pitching: RHP Conner Calloway
Batting: RHB Vince Fowler 0-0: Called Strike
0-1: Called Strike
0-2: Ball
1-2: Ball
2-2: Ground out 4-3 (Groundball, 4, EV 91.9 MPH)
Batting: LHB Brian Washington 0-0: Ball
1-0: Ball
2-0: Called Strike
2-1: Ball
3-1: SINGLE (Line Drive, 56D, EV 97.5 MPH)
Batting: LHB Billy Collins 0-0: Called Strike
0-1: Swinging Strike
0-2: Ball
1-2: Strikes out looking
Batting: LHB Austin Anderson 0-0: Ball
1-0: Ball
2-0: Foul Ball, location: 2F
2-1: Foul Ball, location: 2F
2-2: Foul Ball, location: 2F
2-2: Strikes out swinging
Bottom of the 1st over - 0 runs, 1 hit, 0 errors, 1 left on base; New York 0 - Moscow 0
TOP OF THE 2ND
New York Comets batting - Pitching for Moscow Mules : RHP James Schiller
Batting: RHB Brock Jackson 0-0: Ball
1-0: Foul Ball, location: 2F
1-1: Called Strike
1-2: Ball
2-2: Ball
3-2: Base on Balls
Batting: LHB Dalton Pappalardo 0-0: Ball
1-0: Foul Ball, location: 2F
1-1: Called Strike
1-2: Fly out, F7 (Flyball, 7, EV 88.1 MPH)
Batting: RHB Jesse Phillips 0-0: SINGLE (Groundball, 34S, EV 70.0 MPH) (infield hit)
Brock Jackson to second
Batting: RHB Josh Swann 0-0: Ball
1-0: Called Strike
1-1: Swinging Strike
1-2: Strikes out swinging
Batting: SHB Drake Stock 0-0: Ground out 5-3 (Groundball, 56S, EV 66.9 MPH)
Top of the 2nd over - 0 runs, 1 hit, 0 errors, 2 left on base; New York 0 - Moscow 0
BOTTOM OF THE 2ND
Moscow Mules batting - Pitching for New York Comets : RHP Conner Calloway
Batting: RHB Amar Giles 0-0: Ball
1-0: Foul Ball, location: 2F
1-1: SINGLE (Line Drive, 78S, EV 95.6 MPH)
Batting: RHB DeAndrae Sainovic 0-0: Foul Ball, location: 2F
0-1: Foul Ball, location: 2F
0-2: Ball
1-2: Strikes out swinging
Batting: RHB Bailey Madry 0-0: Swinging Strike
0-1: Swinging Strike
0-2: Ball
1-2: Ball
2-2: Strikes out swinging
Batting: RHB Mackey Ivo 0-0: Ball
1-0: Ball
2-0: Ball
3-0: Called Strike
3-1: Foul Ball, location: 2F
3-2: Strikes out swinging
Bottom of the 2nd over - 0 runs, 1 hit, 0 errors, 1 left on base; New York 0 - Moscow 0
TOP OF THE 3RD
New York Comets batting - Pitching for Moscow Mules : RHP James Schiller
Batting: LHB Abraham Kajosevic 0-0: Ball
1-0: SINGLE (Groundball, 4MD, EV 103.8 MPH)
Batting: LHB Robert Wenstrom 0-0: Called Strike
0-1: Called Strike
Abraham Kajosevic steals 2nd base
0-2: 2-RUN HOME RUN (Line Drive, 9D, EV 100.0 MPH), Distance : 401 ft
Batting: RHB Mason Douglass 0-0: Foul Ball, location: 2F
0-1: Swinging Strike
0-2: Ball
1-2: Ball
2-2: Foul Ball, location: 2F
2-2: Strikes out swinging
Batting: LHB Morgan Buga 0-0: Called Strike
0-1: Called Strike
0-2: Strikes out looking
Batting: RHB Brock Jackson 0-0: Ball
1-0: Ground out 5-3 (Groundball, 56S, EV 86.9 MPH)
Top of the 3rd over - 2 runs, 2 hits, 0 errors, 0 left on base; New York 2 - Moscow 0
BOTTOM OF THE 3RD
Moscow Mules batting - Pitching for New York Comets : RHP Conner Calloway
Batting: RHB Cole Rega 0-0: Called Strike
0-1: Foul Ball, location: 2F
0-2: Foul Ball, location: 2F
0-2: Fly out, F8 (Flyball, 8RS, EV 77.5 MPH)
Batting: RHB Vince Fowler 0-0: Fly out, F3 (Popup, 3SF, EV 68.1 MPH)
Batting: LHB Brian Washington 0-0: Ball
1-0: Called Strike
1-1: Ball
2-1: Ground out 3-1 (Groundball, 34, EV 108.1 MPH)
Bottom of the 3rd over - 0 runs, 0 hits, 0 errors, 0 left on base; New York 2 - Moscow 0
TOP OF THE 4TH
New York Comets batting - Pitching for Moscow Mules : RHP James Schiller
Batting: LHB Dalton Pappalardo 0-0: Ball
1-0: Foul Ball, location: 2F
1-1: SINGLE (Line Drive, 56D, EV 98.1 MPH)
Batting: RHB Jesse Phillips 0-0: Reached on error, E5 (Groundball, 56, EV 88.8 MPH)
Dalton Pappalardo to second
Batting: RHB Josh Swann 0-0: Ball
1-0: Fielders Choice at 2nd, 5-4 (Groundball, 56, EV 82.5 MPH)
Dalton Pappalardo to third
Batting: SHB Drake Stock 0-0: Called Strike
0-1: Ball
1-1: Ball
2-1: Foul Ball, location: 2F
2-2: Strikes out swinging
Batting: LHB Abraham Kajosevic 0-0: Ball
1-0: Swinging Strike
1-1: Ball
2-1: Foul Ball, location: 2F
2-2: Strikes out swinging
Top of the 4th over - 0 runs, 1 hit, 1 error, 2 left on base; New York 2 - Moscow 0
BOTTOM OF THE 4TH
Moscow Mules batting - Pitching for New York Comets : RHP Conner Calloway
Batting: LHB Billy Collins 0-0: Called Strike
0-1: Foul Ball, location: 2F
0-2: Fly out, F7 (Flyball, 7S, EV 89.4 MPH)
Batting: LHB Austin Anderson 0-0: Ball
1-0: Foul Ball, location: 2F
1-1: Fly out, F4 (Popup, 4S, EV 73.1 MPH)
Batting: RHB Amar Giles 0-0: Called Strike
0-1: Ball
1-1: Ball
2-1: Ball
3-1: Base on Balls
Batting: RHB DeAndrae Sainovic 0-0: Ground out 4-3 (Groundball, 34, EV 88.8 MPH)
Bottom of the 4th over - 0 runs, 0 hits, 0 errors, 1 left on base; New York 2 - Moscow 0
TOP OF THE 5TH
New York Comets batting - Pitching for Moscow Mules : RHP James Schiller
Batting: LHB Robert Wenstrom 0-0: Called Strike
0-1: Ball
1-1: Foul Ball, location: 2F
1-2: Foul Ball, location: 2F
1-2: Ball
2-2: Ball
3-2: Fly out, F4 (Popup, 4S, EV 80.6 MPH)
Batting: RHB Mason Douglass 0-0: Ball
1-0: Ball
2-0: Ball
3-0: Called Strike
3-1: DOUBLE (Line Drive, 7LM, EV 106.9 MPH)
Batting: LHB Morgan Buga 0-0: Fly out, F8 (Flyball, 8LD, EV 90.0 MPH)
Batting: RHB Brock Jackson 0-0: Called Strike
0-1: Ball
1-1: Ball
2-1: Foul Ball, location: 2F
2-2: SINGLE (Flyball, 9LS, EV 88.8 MPH)
Mason Douglass to third
Throwing error, E9
Mason Douglass scores
Brock Jackson to second
Pitching: RHP Justice Rasberry
Batting: LHB Dalton Pappalardo 0-0: Foul Ball, location: 2F
0-1: Ball
1-1: Ball
2-1: Called Strike
2-2: Ball
3-2: DOUBLE (Line Drive, 9LS, EV 90.6 MPH)
Brock Jackson scores
Batting: RHB Jesse Phillips 0-0: Called Strike
0-1: Ball
1-1: Ball
2-1: Foul Ball, location: 2F
2-2: Ball
3-2: Foul Ball, location: 2F
3-2: Foul Ball, location: 2F
3-2: Ground out 6-3 (Groundball, 6, EV 107.5 MPH)
Top of the 5th over - 2 runs, 3 hits, 1 error, 1 left on base; New York 4 - Moscow 0
BOTTOM OF THE 5TH
Moscow Mules batting - Pitching for New York Comets : RHP Conner Calloway
Batting: RHB Bailey Madry 0-0: Called Strike
0-1: Ball
1-1: Ground out 4-3 (Groundball, 4, EV 86.2 MPH)
Batting: RHB Mackey Ivo 0-0: Ball
1-0: Called Strike
1-1: Foul Ball, location: 2F
1-2: SINGLE (Groundball, 56D, EV 102.5 MPH)
Batting: RHB Cole Rega 0-0: Ball
1-0: Foul Ball, location: 2F
1-1: Ball
2-1: Ball
3-1: Base on Balls
Mackey Ivo to second
Batting: RHB Vince Fowler 0-0: Ball
1-0: Called Strike
1-1: Swinging Strike
1-2: Ball
2-2: Ball
3-2: Foul Ball, location: 2F
3-2: DOUBLE (Groundball, 5L, EV 104.4 MPH)
Mackey Ivo scores
Cole Rega to third
Runner from 3rd tries for Home, SAFE, throw by LF to home
Pitching: LHP Thomas Bruner
Batting: LHB Brian Washington 0-0: Foul Ball, location: 2F
0-1: Foul Ball, location: 2F
0-2: SINGLE (Line Drive, 4D, EV 99.4 MPH)
Vince Fowler to third
Runner from 3rd tries for Home, SAFE, throw by CF to home
Brian Washington to second
Batting: LHB Billy Collins 0-0: Called Strike
0-1: Ball
1-1: Foul Ball, location: 2F
1-2: SINGLE (Flyball, 5D, EV 98.1 MPH)
Brian Washington to third
Batting: LHB Austin Anderson 0-0: Ball
1-0: Called Strike
1-1: SINGLE (Flyball, 89S, EV 82.5 MPH)
Brian Washington scores
Billy Collins to second
Batting: RHB Amar Giles 0-0: Ball
1-0: Foul Ball, location: 2F
1-1: Ball
2-1: Foul Ball, location: 2F
2-2: Ball
3-2: Strikes out swinging
Batting: RHB DeAndrae Sainovic 0-0: Called Strike
0-1: Ball
1-1: Ball
2-1: Foul Ball, location: 2F
2-2: Foul Ball, location: 2F
2-2: Foul Ball, location: 2F
2-2: Foul Ball, location: 2F
2-2: Foul Ball, location: 2F
2-2: Ball
3-2: Foul Ball, location: 2F
3-2: Base on Balls
Billy Collins to third
Austin Anderson to second
Batting: RHB Bailey Madry 0-0: Foul Ball, location: 2F
0-1: Ground out 6-3 (Groundball, 6M, EV 88.8 MPH)
Bottom of the 5th over - 4 runs, 5 hits, 0 errors, 3 left on base; New York 4 - Moscow 4
TOP OF THE 6TH
New York Comets batting - Pitching for Moscow Mules : RHP Justice Rasberry
Batting: RHB Josh Swann 0-0: Ball
1-0: Ground out U3 (Groundball, 34D, EV 85.6 MPH)
Batting: SHB Drake Stock 0-0: Bunt for hit to P - play at first, batter OUT! 1-3
Batting: LHB Abraham Kajosevic 0-0: Ground out 6-3 (Groundball, 6D, EV 102.5 MPH)
Top of the 6th over - 0 runs, 0 hits, 0 errors, 0 left on base; New York 4 - Moscow 4
BOTTOM OF THE 6TH
Moscow Mules batting - Pitching for New York Comets : LHP Thomas Bruner
Batting: RHB Mackey Ivo 0-0: Called Strike
0-1: Foul Ball, location: 2F
0-2: Ball
1-2: Ball
2-2: Ball
3-2: SINGLE (Line Drive, 89S, EV 107.5 MPH)
Batting: RHB Cole Rega 0-0: Ball
1-0: Sac Bunt to 13S - play at first, batter OUT! 1-3
Mackey Ivo to second
Batting: RHB Vince Fowler 0-0: Called Strike
0-1: Ball
1-1: Foul Ball, location: 2F
1-2: Foul Ball, location: 2F
1-2: Ball
2-2: Ball
3-2: Base on Balls
Batting: LHB Brian Washington 0-0: Called Strike
0-1: Called Strike
0-2: Ball
1-2: Ball
2-2: Ball
3-2: Strikes out swinging
Pitching: RHP Gabe McCorkle
Batting: LHB Billy Collins 0-0: Ball
1-0: Ball
2-0: Foul Ball, location: 2F
2-1: Swinging Strike
2-2: Ball
3-2: SINGLE (Groundball, 6D, EV 105.0 MPH)
Mackey Ivo to third
Vince Fowler to second
Mackey Ivo scores
Vince Fowler to third
Batting: LHB Austin Anderson 0-0: Ball
Wild Pitch!
Vince Fowler scores
Billy Collins to second
1-0: Foul Ball, location: 2F
1-1: Foul Ball, location: 2F
1-2: Ball
2-2: Ball
3-2: SINGLE (Line Drive, 4D, EV 105.0 MPH)
Billy Collins to third
Batting: RHB Amar Giles 0-0: Called Strike
0-1: Called Strike
0-2: Strikes out swinging
Bottom of the 6th over - 2 runs, 3 hits, 0 errors, 2 left on base; New York 4 - Moscow 6
TOP OF THE 7TH
New York Comets batting - Pitching for Moscow Mules : RHP Justice Rasberry
Pitching: LHP Kameron Saar
Batting: LHB Robert Wenstrom 0-0: Called Strike
0-1: Ball
1-1: Ball
2-1: Foul Ball, location: 2F
2-2: Foul Ball, location: 2F
2-2: Strikes out swinging
Batting: RHB Mason Douglass 0-0: Foul Ball, location: 2F
0-1: Ball
1-1: Ball
2-1: Ball
3-1: Called Strike
3-2: SINGLE (Groundball, 56, EV 107.5 MPH)
Pinch Hitting: RHB Kip Clark 0-0: Fly out, F3 (Popup, 3SF, EV 87.5 MPH)
Batting: RHB Brock Jackson 0-0: Ball
1-0: Foul Ball, location: 2F
1-1: Fly out, F8 (Flyball, 8RS, EV 93.8 MPH)
Top of the 7th over - 0 runs, 1 hit, 0 errors, 1 left on base; New York 4 - Moscow 6
BOTTOM OF THE 7TH
Moscow Mules batting - Pitching for New York Comets : RHP Gabe McCorkle
Now in LF: Kassius Efendiyev
Batting: RHB DeAndrae Sainovic 0-0: Ball
1-0: Called Strike
1-1: Called Strike
1-2: Ball
2-2: Ball
3-2: Fly out, F8 (Flyball, 78M, EV 83.8 MPH)
Batting: RHB Bailey Madry 0-0: SINGLE (Groundball, 6D, EV 93.8 MPH)
Batting: RHB Mackey Ivo 0-0: Called Strike
0-1: Ball
1-1: Foul Ball, location: 2F
1-2: Ball
2-2: Grounds into double play, 6-4-3 (Groundball, 6M, EV 102.5 MPH)
Bottom of the 7th over - 0 runs, 1 hit, 0 errors, 0 left on base; New York 4 - Moscow 6
TOP OF THE 8TH
New York Comets batting - Pitching for Moscow Mules : LHP Kameron Saar
Batting: LHB Dalton Pappalardo 0-0: Called Strike
0-1: Ball
1-1: Swinging Strike
1-2: Fly out, F8 (Flyball, 8RS, EV 75.0 MPH)
Batting: RHB Jesse Phillips 0-0: Foul Ball, location: 2F
0-1: Ball
1-1: DOUBLE (Groundball, 5L, EV 110.6 MPH)
Batting: RHB Josh Swann 0-0: Called Strike
0-1: Called Strike
0-2: SINGLE (Groundball, 4D, EV 104.4 MPH)
Jesse Phillips to third
Runner from 3rd tries for Home, SAFE, throw by CF to home
Pitching: LHP Anthony Haines
Batting: SHB Drake Stock 0-0: Swinging Strike
0-1: Ball
1-1: Ball
2-1: Ball
3-1: Foul Ball, location: 2F
3-2: SINGLE (Groundball, 34, EV 98.8 MPH) (infield hit)
Josh Swann to second
Batting: RHB William Spence 0-0: Ball
1-0: Ball
2-0: Called Strike
2-1: Called Strike
2-2: Foul Ball, location: 2F
2-2: Ball
3-2: Grounds into double play, 3-6-3 (Groundball, 34, EV 82.5 MPH)
Top of the 8th over - 1 run, 3 hits, 0 errors, 1 left on base; New York 5 - Moscow 6
BOTTOM OF THE 8TH
Moscow Mules batting - Pitching for New York Comets : RHP Gabe McCorkle
Batting: RHB Cole Rega 0-0: Ball
1-0: Ball
2-0: Ground out 6-3 (Groundball, 6, EV 104.4 MPH)
Batting: RHB Vince Fowler 0-0: Called Strike
0-1: Fly out, F8 (Flyball, 89M, EV 85.6 MPH)
Batting: LHB Brian Washington 0-0: Foul Ball, location: 2F
0-1: Fly out, F8 (Line Drive, 8RD, EV 109.4 MPH)
Bottom of the 8th over - 0 runs, 0 hits, 0 errors, 0 left on base; New York 5 - Moscow 6
TOP OF THE 9TH
New York Comets batting - Pitching for Moscow Mules : LHP Anthony Haines
Pitching: RHP Gary Richardson
Batting: LHB Robert Wenstrom 0-0: Swinging Strike
0-1: Foul Ball, location: 2F
0-2: Strikes out swinging
Batting: RHB Mason Douglass 0-0: Ball
1-0: Ball
2-0: Foul Ball, location: 2F
2-1: Foul Ball, location: 2F
2-2: Foul Ball, location: 2F
2-2: SINGLE (Line Drive, 9LS, EV 97.5 MPH)
Batting: LHB Kassius Efendiyev 0-0: SINGLE (Groundball, 4M, EV 101.2 MPH)
Mason Douglass to second
Batting: RHB Brock Jackson 0-0: Ball
1-0: Called Strike
1-1: Ground out 5-3 (Groundball, 56S, EV 80.6 MPH)
Mason Douglass to third
Kassius Efendiyev to second
Batting: LHB Dalton Pappalardo 0-0: Intentional Walk
Batting: RHB Jesse Phillips 0-0: Ball
1-0: Ball
2-0: Called Strike
2-1: Ground out U3 (Groundball, 34, EV 88.1 MPH)
Top of the 9th over - 0 runs, 2 hits, 0 errors, 3 left on base; New York 5 - Moscow 6
Wednesday, May 1st , 2024 - OOTP Baseball 23.10 Build 110